 Dungeon Crawl Stone Soup version 0.26.1-11-gd32895ea62 (webtiles) character file.

Game seed: 16174997729598553374

56808 Almogavar the Fencer (level 14, 0/199 HPs)
             Began as a Minotaur Berserker on July 9, 2021.
             Was a High Priest of Trog.
             Slain by a death yak (13 damage)
             ... on level 5 of the Lair of Beasts.
             The game lasted 00:58:11 (24930 turns).

Almogavar the Fencer (Minotaur Berserker)          Turns: 24930, Time: 00:58:11

Health: 0/199      AC: 16    Str: 31    XL:     14   Next: 43%
Magic:  13/13      EV: 15    Int:  4    God:    Trog [*****.]
Gold:   1250       SH:  0    Dex: 10    Spells: 13/13 levels left

rFire    + + .     SeeInvis .   N - +2 great sword (flame)
rCold    . . .     Faith    +   (shield currently unavailable)
rNeg     . . .     Spirit   .   R - +0 chain mail {rF+}
rPois    +         Reflect  .   I - +0 hat
rElec    .         Harm     .   S - +1 cloak {rF+}
rCorr    .         Rampage  .   H - +0 pair of gloves
Will     ++++.                  v - +1 pair of boots
Stlth    ..........             W - amulet of faith
HPRegen  1.43/turn              b - ring of poison resistance
MPRegen  0.13/turn              C - ring of Peace {Will+ Str+4 Slay+3}

@: berserking, regenerating, very quick
A: retaliatory headbutt, horns 2
a: Renounce Religion, Berserk, Trog's Hand, Brothers in Arms


You were on level 5 of the Lair of Beasts.
You worshipped Trog.
Trog was extremely pleased with you.
You visited 3 branches of the dungeon, and saw 18 of its levels.
You also visited: Ossuary and Volcano.

You collected 2019 gold pieces.
You spent 769 gold pieces at shops.

Inventory:

Hand Weapons
 m - a +1 vorpal long sword
 q - a +5 long sword
 u - a +0 hand crossbow
 y - the +8 dagger of the Devouring Blowfly {freeze, rElec Dex+2}
   (You found it on level 4 of the Dungeon)

   It has been specially enchanted to freeze those struck by it, causing extra
   injury to most foes and up to half again as much damage against particularly
   susceptible opponents.
   It can also slow down cold-blooded creatures.
   It affects your dexterity (+2).
   It insulates you from electricity.
 M - a +5 antimagic great sword
 N - a +2 great sword of flaming (weapon)
Missiles
 d - 147 sling bullets
 i - 637 stones
 o - 124 bolts
Armour
 t - a +0 buckler
 v - a +1 pair of boots (worn)
 F - a +0 kite shield
 H - a +0 pair of gloves (worn)
 I - a +0 hat (worn)
 O - a +2 plate armour of willpower
 R - a +0 chain mail of fire resistance (worn)
 S - a +1 cloak of fire resistance (worn)
Jewellery
 b - a ring of poison resistance (left hand)
 C - the ring of Peace (right hand) {Will+ Str+4 Slay+3}
   (You bought it in a shop on level 2 of the Orcish Mines)

   [ring of willpower]

   It affects your strength (+4).
   It affects your accuracy and damage with ranged weapons and melee attacks
   (+3).
   It affects your willpower, your defense against some magical effects.
 L - an uncursed ring of see invisible
 W - an amulet of faith (around neck)
Wands
 a - a wand of flame (14)
 h - a wand of random effects (50)
 z - a wand of acid (7)
 G - a wand of paralysis (25)
 J - a wand of iceblast (3)
Scrolls
 c - 7 scrolls of enchant weapon
 f - a scroll of summoning {unknown}
 g - 6 scrolls of teleportation
 l - 5 scrolls of enchant armour
 p - a scroll of remove curse
 s - a scroll of magic mapping
 w - a scroll of blinking
 D - 2 scrolls of fog
 K - a scroll of fear
 P - a scroll of holy word {unknown}
 Q - 2 scrolls of silence {unknown}
 U - a scroll of identify
Potions
 e - 3 potions of haste
 k - 3 potions of resistance
 n - 7 potions of flight
 r - 5 potions of curing
 x - 4 potions of berserk rage
 A - a potion of magic
 B - 4 potions of might
 E - 3 potions of lignification
 T - 2 potions of heal wounds {unknown}
Miscellaneous
 j - a tin of tremorstones (2/2)
 V - a condenser vane


   Skills:
 + Level 14.5 Fighting
 - Level 0.4(10.5) Short Blades
 * Level 16.8 Long Blades
 + Level 5.6 Crossbows
 + Level 7.8 Armour
 + Level 14.5 Dodging
 - Level 1.4 Stealth
 - Level 4.1 Shields
 + Level 4.9 Evocations


You had 13 spell levels left.
You didn't know any spells.
Your spell library was empty.

Dungeon Overview and Level Annotations

Branches:
Dungeon (11/15)            Temple (0/1) D:5            Lair (5/6) D:8
  Swamp (0/4) Lair:4       Spider (0/4) Lair:2          Orc (2/2) D:11
    Elf (0/3) Orc:2       Ossuary (visited)         Volcano (visited)
  Slime: Lair:5-6

Altars:
Cheibriados
Elyvilon
Fedhas
Nemelex Xobeh
Okawaru
Ru
Sif Muna
Trog
Uskayaw
Vehumet
Wu Jian
Yredelemnul
Zin

Shops:
Orc:2 [*=(=

Annotations:
D:9 exclusion: ice statue


Innate Abilities, Weirdness & Mutations

You reflexively headbutt those who attack you in melee.
You have a pair of horns on your head.


Message History

Trog accepts your kill.
The death yak gores you but does no damage.
Unknown command.
You slash the death yak! You burn the death yak.
The death yak is heavily wounded.
The death yak completely misses you. You furiously retaliate!
You headbutt the death yak!!
You riposte.
You open the death yak like a pillowcase!!!
You burn the death yak!
The death yak is almost dead.
The death yak completely misses you.
You hit the death yak but do no damage. You headbutt the death yak!
The death yak is severely wounded.
Unknown command.
Your chain mail prevents you from hitting the death yak.
The death yak is severely wounded.
The death yak gores you!
* * * LOW HITPOINT WARNING * * *
The death yak gores you!
You die...

*#### ****#.#.# ### *,,....#*
###.#### *,,....# P##....#
**#....##*** .....###
###.....P...*## ..#...#
##.†........##.#
.###..########..@...........#
..#P......#..##.YY.........P#
.................P....P....##
...........P..........#...P.#####
..##......#...P[............P.##.
.#.#..........P..................
..#..#......PP............#..#..#
P.....#...........#.......#######
........P#.P..............##.# ##


You could see 2 death yaks.

Vanquished Creatures
  Snorg (D:11)
  Josephine (D:11)
  Erolcha (D:11)
  A boulder beetle (D:11)
  4 hydras
  3 two-headed ogres
  11 death yaks
  4 orc high priests
  A hell knight (Volcano)
  A salamander mystic (Volcano)
  2 orc knights
  6 salamanders (Volcano)
  3 orc sorcerers
  5 black mambas
  5 elephants (Lair:4)
  A manticore (D:11)
  A guardian serpent (D:11)
  9 cane toads
  2 gargoyles (D:11)
  2 rime drakes
  Maggie (D:8)
  8 komodo dragons
  4 trolls
  2 polar bears
  A tyrant leech (Lair:3)
  Prince Ribbit (D:8)
  A hornet (D:9)
  15 blink frogs
  4 dream sheep (Lair:4)
  A shadow (D:11)
  2 wyverns
  A basilisk (Lair:5)
  22 yaks
  4 wraiths (D:11)
  A steam dragon (Lair:2)
  6 wargs
  9 water moccasins
  3 swamp worms
  4 black bears
  27 orc warriors
  3 ice beasts
  4 sky beasts
  An eye of draining (D:8)
  7 ogres
  4 centaurs
  6 wolves (Lair:4)
  A big kobold (D:8)
  14 bullfrogs
  5 scorpions
  52 killer bees
  16 wights
  4 electric eels
  3 howler monkeys
  A quasit (D:10)
  A bullfrog zombie (D:8)
  6 hounds
  15 orc wizards
  9 orc priests
  2 jellies (D:6)
  Crazy Yiuf (D:2)
  6 bullfrog skeletons
  A gnoll shaman (Orc:2)
  Jessica (D:2)
  Natasha (D:2)
  5 iguanas
  11 worker ants
  A big kobold zombie (Ossuary)
  10 mummies
  2 hound zombies (D:8)
  A howler monkey zombie (D:11)
  14 gnolls
  12 adders
  2 shadow imps
  2 white imps
  An adder zombie (D:1)
  An ooze (D:7)
  4 adder skeletons
  2 worms (D:2)
  2 dart slugs
  A leopard gecko (D:4)
  60 orcs
  3 giant cockroaches
  3 goblins
  7 hobgoblins
  13 jackals
  3 kobolds
  5 quokkas
  2 ball pythons (D:2)
  5 bats
  6 frilled lizards
  4 gnoll zombies (Ossuary)
  5 hobgoblin zombies
  3 kobold zombies
  A leopard gecko skeleton (D:7)
  A leopard gecko zombie (D:1)
  An orc zombie (Ossuary)
  6 rats
544 creatures vanquished.

Vanquished Creatures (collateral kills)
  2 orc warlords (Orc:1)
  An orc warrior (Orc:1)
3 creatures vanquished.

Vanquished Creatures (others)
  An ogre (D:8)
  A bullfrog skeleton (D:8)
  37 fungi
  46 plants
85 creatures vanquished.

Grand Total: 632 creatures vanquished

Notes
Turn   | Place    | Note
-------+----------+-------------------------------------------
     0 | D:1      | Almogavar the Minotaur Berserker began the quest for the
                  | Orb.
     0 | D:1      | Reached XP level 1. HP: 19/19 MP: 0/0
   262 | D:1      | Reached XP level 2. HP: 25/27 MP: 1/1
   317 | D:1      | Reached skill level 4 in Long Blades
   903 | D:2      | Noticed Jessica
   906 | D:2      | Killed Jessica
   907 | D:2      | Reached XP level 3. HP: 33/33 MP: 2/2
  1236 | D:2      | Reached XP level 4. HP: 41/41 MP: 3/3
  1251 | D:2      | Reached ** piety under Trog
  1596 | D:2      | Noticed Natasha
  1601 | D:2      | Killed Natasha
  1768 | D:2      | Found a runed translucent door.
  1769 | D:2      | Noticed Crazy Yiuf
  1897 | D:2      | Killed Crazy Yiuf
  1898 | D:2      | Reached skill level 5 in Fighting
  1898 | D:2      | Reached skill level 5 in Long Blades
  2062 | D:3      | Reached XP level 5. HP: 45/48 MP: 4/4
  2303 | D:3      | Found an iron altar of Okawaru.
  2324 | D:3      | Found a sacrificial altar of Ru.
  2376 | D:3      | Reached skill level 1 in Stealth
  2409 | D:3      | Found a snail-covered altar of Cheibriados.
  2754 | D:3      | Found a basalt altar of Yredelemnul.
  3390 | D:4      | Reached XP level 6. HP: 49/56 MP: 5/5
  3612 | D:4      | Found a glowing silver altar of Zin.
  3625 | D:4      | Reached skill level 6 in Long Blades
  3778 | D:4      | Found a sparkling altar of Nemelex Xobeh.
  3979 | D:4      | Reached XP level 7. HP: 46/61 MP: 6/6
  4498 | D:4      | Got a slimy dagger
  4511 | D:4      | Identified the +8 dagger of the Devouring Blowfly {freeze,
                  | rElec Dex+2} (You found it on level 4 of the Dungeon)
  4530 | D:5      | Entered Level 5 of the Dungeon
  4579 | D:5      | Reached skill level 7 in Long Blades
  4609 | D:5      | Reached *** piety under Trog
  4882 | D:5      | Found a staircase to the Ecumenical Temple.
  5154 | D:5      | Found a shimmering blue altar of Sif Muna.
  5154 | D:5      | Found a blossoming altar of Fedhas.
  5237 | D:6      | Reached XP level 8. HP: 46/70 MP: 7/7
  5239 | D:6      | Reached skill level 1 in Shields
  5244 | D:6      | Reached skill level 8 in Long Blades
  5381 | D:6      | Reached skill level 5 in Armour
  5381 | D:6      | Reached skill level 5 in Dodging
  5433 | D:6      | Found a sand-covered staircase.
  5442 | Ossuary  | Entered an ossuary
  5522 | Ossuary  | Reached **** piety under Trog
  5538 | Ossuary  | HP: 2/106 [mummy (9)]
  6243 | D:6      | Found a bloodstained altar of Trog.
  6363 | D:6      | Reached skill level 9 in Long Blades
  6943 | D:7      | Found a hide-covered altar of Uskayaw.
  7059 | D:7      | Reached XP level 9. HP: 70/79 MP: 8/8
  7561 | D:7      | Reached ***** piety under Trog
  8449 | D:8      | Found a radiant altar of Vehumet.
  8764 | D:8      | Noticed Prince Ribbit
  8776 | D:8      | Killed Prince Ribbit
  8777 | D:8      | Reached XP level 10. HP: 76/91 MP: 9/9
  8976 | D:8      | Found an ornate altar of the Wu Jian Council.
  8991 | D:8      | Found a staircase to the Lair.
  9032 | D:8      | Received a gift from Trog
  9137 | D:8      | Noticed Maggie
  9148 | D:8      | Killed Maggie
  9220 | D:8      | Noticed a two-headed ogre
  9225 | D:8      | Killed a two-headed ogre
  9226 | D:8      | Reached skill level 10 in Long Blades
  9293 | D:8      | Reached skill level 10 in Fighting
  9451 | D:9      | Noticed an ice statue
  9536 | D:9      | Noticed a two-headed ogre
  9549 | D:9      | Killed a two-headed ogre
  9740 | D:9      | Reached skill level 1 in Evocations
 10002 | D:9      | Noticed a two-headed ogre
 10012 | D:9      | Killed a two-headed ogre
 10013 | D:9      | Reached skill level 10 in Dodging
 10301 | D:9      | Found a white marble altar of Elyvilon.
 10369 | D:9      | Reached XP level 11. HP: 88/101 MP: 10/10
 11145 | D:10     | Entered Level 10 of the Dungeon
 11163 | D:10     | Reached skill level 11 in Long Blades
 11899 | D:11     | Noticed Snorg
 11899 | D:11     | Noticed Erolcha
 11910 | D:11     | Killed Snorg
 11915 | D:11     | Killed Erolcha
 11940 | D:11     | Noticed a boulder beetle
 12344 | D:11     | Killed a boulder beetle
 12744 | D:11     | Found a staircase to the Orcish Mines.
 13079 | D:11     | Noticed Josephine
 13091 | D:11     | Killed Josephine
 13504 | D:11     | Reached skill level 12 in Long Blades
 13731 | Orc:1    | Entered Level 1 of the Orcish Mines
 13983 | Orc:2    | Entered Level 2 of the Orcish Mines
 13983 | Orc:2    | Noticed an orc high priest
 13983 | Orc:2    | Noticed an orc sorcerer
 13983 | Orc:2    | Noticed an orc warlord
 13984 | Orc:2    | Noticed an orc high priest
 13989 | Orc:2    | Noticed a sixfirhy
 13991 | Orc:1    | Reached XP level 12. HP: 79/112 MP: 11/11
 14537 | Orc:1    | HP: 3/169 [orc warlord/+3 dire flail of protection (38)]
 14540 | Orc:1    | Killed an orc warlord
 15226 | Orc:2    | Noticed an orc warlord
 15447 | Orc:1    | Killed an orc warlord
 15613 | Orc:2    | Noticed an orc high priest
 15620 | Orc:1    | Killed an orc high priest
 15628 | Orc:1    | Killed an orc high priest
 15839 | Orc:2    | Found Xeire's General Store.
 15858 | Orc:1    | Killed an orc high priest
 16025 | Orc:2    | Reached skill level 1 in Crossbows
 16203 | Orc:2    | Found a staircase to the Elven Halls.
 16207 | Orc:2    | Noticed an orc high priest
 16219 | Orc:2    | Killed an orc high priest
 16358 | Orc:2    | Found Dihann's Antique Weapon Boutique.
 16374 | Orc:2    | Bought a hand crossbow for 133 gold pieces
 16562 | Orc:2    | Found Riloerishrud's Jewellery Emporium.
 16656 | Orc:2    | Found Befedoumm's Jewellery Emporium.
 16676 | Orc:2    | Bought the ring of Peace {Will+ Str+4 Slay+3} for 636 gold
                  | pieces
 16919 | Orc:2    | Found Byjiapur's Antique Armour Boutique.
 17164 | Orc:1    | Received a gift from Trog
 17424 | Lair:1   | Entered Level 1 of the Lair of Beasts
 17760 | Lair:1   | Reached skill level 13 in Long Blades
 17854 | Lair:1   | Reached XP level 13. HP: 115/122 MP: 12/12
 18275 | Lair:1   | Received a gift from Trog
 18276 | Lair:1   | Reached skill level 5 in Crossbows
 18960 | Lair:2   | Found a hole to the Spider Nest.
 20379 | Lair:3   | Reached skill level 14 in Long Blades
 21603 | Lair:4   | Reached skill level 15 in Long Blades
 22031 | Lair:4   | Reached XP level 14. HP: 43/132 MP: 13/13
 22480 | Lair:4   | Found a staircase to the Swamp.
 22781 | Lair:4   | Found a blossoming altar of Fedhas.
 22886 | Lair:5   | Received a gift from Trog
 22927 | Lair:5   | Reached skill level 16 in Long Blades
 22954 | Lair:5   | Found a dark tunnel.
 22964 | Volcano  | Entered a volcano
 23356 | Volcano  | Found a burning altar of Makhleb.
 24930 | Lair:5   | Slain by a death yak

Illustrated notes

Levels and vault maps discovered:
D:1:      saegor_arrival_fortress, layout_loops_ring
D:2:      layout_basic, serial_bayou_crossing, uniq_natasha,
          uniq_crazy_yiuf_cottage, uniq_jessica
D:3:      layout_basic, cheibriados_altar_1, lemuel_doored_altar,
          nicolae_ru_awakened_eye, serial_aquarium, aquarium_bridge_square
          [aquarium_subvault_bridge, aquarium_subvault_wall,
          aquarium_subvault_bridge, aquarium_subvault_bridge],
          aquarium_bridge_square [aquarium_subvault_bridge,
          aquarium_subvault_window, aquarium_subvault_bridge,
          aquarium_subvault_wall], aquarium_window_fake, aquarium_window_2,
          aquarium_window_fake, aquarium_window_fake, aquarium_view_2d,
          aquarium_balcony_5b, aquarium_pool_double, okawaru_metal_pillars_1_2
D:4:      layout_basic, general_overflow_altar, marbit_many_paths, st_stairs_6
D:5:      layout_rooms, gammafunk_temple_overflow_statue,
          minmay_temple_entry_grid, minivault_25, minmay_misc_feat_more_columns,
          minmay_mini_ossuary
D:6:      layout_basic, kennysheep_mini, nicolae_ossuary_entry_giza
D:7:      minmay_slanted_spiral_squares, layout_cave_pools, old_standard_altar,
          nrook_pool_corridor
D:8:      wad_cavern_with_rooms, layout_basic, kennysheep_mini_moat,
          fiery_altar_vehumet, dpeg_oklobed_lair, minivault_23, uniq_maggie,
          uniq_prince_ribbit1
D:9:      layout_stronghold, elyvilon_altar_1, minivault_16
D:10:     layout_cross, serial_park, serial_park_fountain
D:11:     layout_long_grid, minmay_orc_entry_guard_dogs,
          nrook_guardian_serpent_ordinary, uniq_josephine, uniq_snorg,
          uniq_erolcha
Lair:1:   wad_woods_minihive, layout_loops_ring, serial_rivers,
          chequers_serial_rivers_micro_b, chequers_serial_rivers_micro_b,
          chequers_serial_rivers_micro_d, chequers_serial_rivers_large_b,
          chequers_serial_rivers_small_a, chequers_serial_rivers_room_b
Lair:2:   layout_roguey, spider_nest_entry_webs, minmay_holes, st_stairs_3
Lair:3:   layout_roguey, worms_lemuel
Lair:4:   layout_loops_ring, palyth_hydra_swamp_entry, basic_altar,
          wad_woods_road_05, infiniplex_staircase_pool_2
Lair:5:   layout_loops_ring, nicolae_volcano_entry_hallway, lemuel_fruit_fields,
          grunt_megastairs_4
Orc:1:    layout_diamond_mine
Orc:2:    grunt_orc_gardens, layout_caves, grunt_orc_garden, grunt_orc_garden,
          grunt_orc_garden, grunt_orc_garden, serial_shops, nicolae_shop_stone

Skill      XL: |  1  2  3  4  5  6  7  8  9 10 11 12 13 14 |
---------------+-------------------------------------------+-----
Long Blades    | 4 5 6 7 9 10 12 13 15 16 | 16.8
Fighting       | 4 5 6 7 9 10 12 13 14 | 14.5
Stealth        | 1 |  1.4
Armour         | 3 4 5 6 7 |  7.8
Dodging        | 3 4 6 8 10 12 13 14 | 14.5
Shields        | 2 4 |  4.1
Evocations     | 1 3 4 |  4.9
Crossbows      | 3 5 |  5.6
Short Blades   | |  0.4

Action                   |  1- 3 |  4- 6 |  7- 9 | 10-12 | 13-15 || total
-------------------------+-------+-------+-------+-------+-------++-------
Melee: Falchion          |    48 |   101 |     6 |       |       ||   155
       Headbutt          |    11 |    26 |    76 |   153 |    98 ||   364
       Dagger            |       |       |   353 |   607 |    99 ||  1059
       Long sword        |       |       |       |     7 |       ||     7
       Great sword       |       |       |       |       |   245 ||   245
 Fire: Hand crossbow     |       |       |       |    64 |       ||    64
Invok: Berserk           |       |     2 |     1 |     9 |     3 ||    15
       Trog's Hand       |       |       |       |     6 |     2 ||     8
       Brothers in Arms  |       |       |       |     2 |       ||     2
Evoke: Wand              |       |       |       |    50 |    14 ||    64
  Use: Scroll            |     1 |       |    13 |    10 |     4 ||    28
 Stab: Sleeping          |     1 |     1 |     3 |     1 |     1 ||     7
       Paralysed         |       |       |       |     1 |       ||     1
       Distracted        |       |       |       |       |     1 ||     1
Armor: Animal skin       |     9 |       |       |       |       ||     9
       Leather armour    |       |    26 |    70 |    13 |       ||   109
       Steam dragon scal |       |       |       |   102 |    65 ||   167
       Chain mail        |       |       |       |       |     9 ||     9
Dodge: Dodged            |    29 |    52 |   152 |   423 |   329 ||   985
Block: Buckler           |       |     2 |    33 |   115 |    25 ||   175
       Rpst.: Falchion   |     6 |    15 |       |       |       ||    21
       Great sword       |       |       |       |       |    59 ||    59
